 Dungeon Crawl Stone Soup version 0.29.1-1-gd02db6906a (webtiles) character file.

Game seed: 13894767553655161720

1908 jasper the Schismatic (level 9, 0/69 HPs)
             Began as a Formicid Abyssal Knight on Sept 6, 2022.
             Was an Elder of Lugonu.
             Slain by Grum
             ... wielding a +1 halberd
              (22 damage)
             ... on level 8 of the Dungeon on Sept 22, 2022.
             The game lasted 00:17:32 (6935 turns).

jasper the Schismatic (Formicid Abyssal Knight)     Turns: 6935, Time: 00:17:32

Health: 0/69       AC: 13    Str: 21    XL:     9   Next: 38%
Magic:  24/24      EV:  9    Int: 17    God:    Lugonu [****..]
Gold:   487        SH:  0    Dex: 14    Spells: 8/8 levels left

rFire   . . .      SeeInvis +   p - +10 great sword of Due Proportion {freeze, SInv}
rCold   + . .      Faith    .   f - orb {light}
rNeg    + . .      Spirit   .   C - +0 pearl dragon scales
rPois   .          Reflect  .   (helmet unavailable)
rElec   .          Harm     .   (no cloak)
rCorr   .          Rampage  .   x - +0 pair of gloves
Will    .....                   (no boots)
Stlth   ..........              (no amulet)
HPRegen 0.21/turn               k - ring of protection from cold
MPRegen 0.19/turn               m - ring "Qew Gam" {MP+9 Int+6}

@: glowing
A: permanent stasis, dig shafts and tunnels, antennae 3, four strong arms
a: Dig, Shaft Self, Renounce Religion, Depart the Abyss, Bend Space, Banish,
Corrupt


You were on level 8 of the Dungeon.
You worshipped Lugonu.
Lugonu was greatly pleased with you.
You visited 1 branch of the dungeon, and saw 7 of its levels.
You visited the Abyss 1 time.
You also visited: Sewer.

You collected 487 gold pieces.

Inventory:

Hand Weapons
 a - a +1 hand axe of flaming
 h - a +1 hand axe of electrocution
 p - the +10 great sword of Due Proportion (weapon) {freeze, SInv}
   (You found it on level 2 of the Dungeon)

   It freezes those it strikes, dealing additional cold damage.
   It can also slow down cold-blooded creatures.
   SInv:      It lets you see invisible.
Missiles
 c - 5 poisoned darts (quivered)
 e - 48 stones
 q - a boomerang
Armour
 b - a +0 leather armour
 f - an orb of light (worn)
 g - a +1 scale mail
 x - a +0 pair of gloves (worn)
 C - +0 pearl dragon scales (worn)
Jewellery
 k - a ring of protection from cold (left hand)
 m - the ring "Qew Gam" (right hand) {MP+9 Int+6}
   (You found it on level 2 of the Dungeon)

   [ring of intelligence]

   Int:       It affects your intelligence (+6).
   MP:        It affects your magic capacity (+9).
 u - a ring of flight
 B - a ring of ice
Scrolls
 s - 2 scrolls of poison
 w - a scroll of enchant weapon
 y - a scroll of amnesia {unknown}
 A - a scroll of butterflies
Potions
 d - 2 potions of degeneration
 j - a potion of cancellation
 l - 5 potions of haste
 n - 3 potions of attraction {unknown}
 o - 2 potions of brilliance {unknown}
 r - 5 potions of curing {unknown}
 t - a potion of might {unknown}
 v - a potion of resistance {unknown}
 z - a potion of lignification {unknown}


   Skills:
 + Level 5.9 Fighting
 + Level 7.5 Axes
 + Level 5.2 Armour
 - Level 0.8 Dodging
 - Level 8.1 Invocations


You had 8 spell levels left.
You didn't know any spells.
Your spell library contained the following spells:

 Spells                   Type           Power      Damage    Failure   Level
 Magic Dart               Conj           0%         1d3       58%         1
 Sandblast                Erth           0%         2d4       58%         1
 Passwall                 Tmut/Erth      0%         N/A       73%         2
 Searing Ray              Conj           0%         2d4       73%         2
 Stone Arrow              Conj/Erth      0%         3d7       91%         3
 Tukima's Dance           Hex            0%         N/A       91%         3
 Fulminant Prism          Conj/Hex       0%         3d6       100%        4
 Iskenderun's Mystic Bla  Conj/Tloc      0%         2d3       100%        4
 Passage of Golubria      Tloc           0%         N/A       100%        4
 Lee's Rapid Deconstruct  Erth           0%         3d5*      100%        5
 Yara's Violent Unravell  Hex/Tmut       0%         3d3       100%        5


Dungeon Overview and Level Annotations

Branches:
Dungeon (8/15)             Temple (0/1) D:5           Sewer (visited)
   Lair: D:8-11

Altars:
Cheibriados
Nemelex Xobeh
Okawaru
Sif Muna
Yredelemnul

Shops:
D:3 :   D:6 (

Annotations:
D:8 Grum


Innate Abilities, Weirdness & Mutations

You cannot be hasted, slowed, berserked, paralysed or teleported.
You can dig through walls and to a lower floor.
You have a pair of large antennae on your head. (SInv)
Your four strong arms can wield two-handed weapons with a shield.


Message History

You kill the wolf!
Lugonu accepts your kill.
You hear a shout!
The centaur hits you but does no damage.
The centaur closely misses you.
You hear a shout!
You slice the centaur!! You freeze the centaur.
You kill the centaur!
Lugonu accepts your kill. The wolf bites you. x2
Your Armour skill increases to level 5!
You completely miss the wolf. The wolf barely misses you. The wolf bites you!
The wolf bites you.
* * * LOW HITPOINT WARNING * * *
You feel much better. The wolf barely misses you.
The wolf bites you but does no damage.
You hit the wolf. You freeze the wolf.
The wolf is moderately wounded.
The wolf bites you but does no damage. x2
You slice the wolf!! You freeze the wolf.
You kill the wolf!
Lugonu accepts your kill.
You can now corrupt the fabric of space.
Your life force feels restored.
You slice the kobold brigand!! You freeze the kobold brigand.
The kobold brigand is almost dead.
You hear a howl!
The kobold brigand hits you but does no damage.
The kobold brigand barely misses you.
You slice the kobold brigand!! You freeze the kobold brigand.
You kill the kobold brigand!
Lugonu accepts your kill. Grum closely misses you.
You slash Grum! You freeze Grum.
Grum is moderately wounded.
Grum hits you with a +1 halberd!!
You slash Grum! You freeze Grum.
Grum is heavily wounded.
Grum hits you with a +1 halberd. Grum hits you with a +1 halberd!!
You die...

###..g.K###.....
#....{# ....
#.{{..# ...
#...{.# #.....#
#....{##
######{## ##g#
#@## ###


You could see Grum.

Vanquished Creatures
  2 water moccasins (D:5)
  A sky beast (D:8)
  2 ogres (D:5)
  3 wolves (D:8)
  2 centaurs (D:8)
  A phantom (D:5)
  3 kobold brigands
  A bullfrog (D:8)
  A scorpion (D:5)
  A howler monkey (D:6)
  4 bullfrog zombies (D:5)
  A jelly (D:8)
  2 iguanas (D:5)
  5 orc wizards
  A killer bee zombie (D:5)
  A gnoll (D:2)
  A howler monkey zombie (D:5)
  A river rat (D:4)
  12 adders
  4 worms
  4 dart slugs
  4 orcs
  16 ball pythons
  11 bats
  10 endoplasms
  7 giant cockroaches
  4 goblins
  6 hobgoblins
  2 quokkas (D:4)
  11 frilled lizards
  19 kobolds
  11 rats
154 creatures vanquished.

Vanquished Creatures (others)
  11 plants
11 creatures vanquished.

Grand Total: 165 creatures vanquished

Notes
Turn   | Place    | Note
-------+----------+-------------------------------------------
     0 | Abyss:1  | jasper the Formicid Abyssal Knight began the quest for the
                  | Orb.
     0 | Abyss:1  | Reached XP level 1. HP: 18/18 MP: 2/2
     0 | Abyss:1  | Found a corrupted altar of Lugonu.
    16 | Abyss:1  | Found a corrupted altar of Lugonu.
    84 | D:1      | Escaped the Abyss
   333 | D:1      | Reached ** piety under Lugonu
   389 | D:1      | Reached XP level 2. HP: 24/24 MP: 3/3
   570 | D:1      | Upgraded the game from 0.29.0-11-gd7f09526c8 to
                  | 0.29.0-13-gc9e81de378
   570 | D:1      | Upgraded the game from 0.29.0-13-gc9e81de378 to
                  | 0.29.1-1-gd02db6906a
   862 | D:1      | Reached XP level 3. HP: 29/29 MP: 4/4
   873 | D:1      | Found a faded altar of an unknown god.
  1726 | D:2      | Reached XP level 4. HP: 33/34 MP: 5/5
  1752 | D:2      | Identified the +2 robe "Erarphune" {Contam rC+ SInv
                  | Archmagi}
  1902 | D:2      | Reached XP level 5. HP: 39/41 MP: 6/6
  1915 | D:2      | Reached skill level 5 in Axes
  1989 | D:2      | Identified the ring "Qew Gam" {MP+9 Int+6}
  2452 | D:2      | Reached *** piety under Lugonu
  2456 | D:2      | Identified the +10 great sword of Due Proportion {freeze,
                  | SInv}
  2634 | D:3      | Found Qiplunt's Book Shoppe.
  2658 | D:3      | Reached XP level 6. HP: 43/47 MP: 7/7
  2815 | D:3      | Reached skill level 3 in Invocations
  3664 | D:4      | Reached skill level 4 in Invocations
  3674 | D:4      | Found a glowing drain.
  3702 | Sewer    | Entered a sewer
  4008 | Sewer    | Reached **** piety under Lugonu
  4082 | Sewer    | Reached skill level 5 in Invocations
  4082 | Sewer    | Reached XP level 7. HP: 39/52 MP: 10/10
  4451 | D:4      | Found a sparkling altar of Nemelex Xobeh.
  4700 | D:5      | Entered Level 5 of the Dungeon
  4700 | D:5      | Noticed a water moccasin
  4703 | D:5      | Killed a water moccasin
  4704 | D:5      | Reached skill level 6 in Invocations
  4735 | D:5      | Reached skill level 7 in Invocations
  4904 | D:5      | Reached XP level 8. HP: 42/58 MP: 13/13
  5054 | D:5      | Reached skill level 8 in Invocations
  5289 | D:5      | Found a staircase to the Ecumenical Temple.
  5791 | D:5      | Found a shimmering blue altar of Sif Muna.
  5967 | D:5      | Found a basalt altar of Yredelemnul.
  6070 | D:5      | Found a snail-covered altar of Cheibriados.
  6200 | D:6      | Found Went's Antique Weapon Boutique.
  6381 | D:6      | Found an iron altar of Okawaru.
  6805 | D:6      | You fall into a shaft and drop 2 floors!
  6825 | D:8      | Reached XP level 9. HP: 67/67 MP: 15/15
  6839 | D:8      | Reached skill level 5 in Fighting
  6896 | D:8      | Noticed Grum
  6928 | D:8      | Reached skill level 5 in Armour
  6935 | D:8      | Slain by Grum

Illustrated notes

Levels and vault maps discovered:
D:1:      shiori_arrival_maze, layout_loops_ring, ebering_ecumenical_altar_webs
D:2:      minmay_chambers_of_twos, layout_loops_ring, grunt_ministairs_14
D:3:      layout_loops_ring, serial_shops, nicolae_shop_stone,
          grunt_ministairs_4
D:4:      layout_rooms, nemelex_dance_club_becter, portal_sewer_entry_e,
          minmay_misc_feat_nine_boxes, wad_floor_pattern_1
D:5:      layout_basic, nicolae_yredelemnul_corpse_copse, lemuel_crystal_altar,
          chei_slow_surprise, minmay_temple_entry_nine_rooms
D:6:      layout_loops_corners, nicolae_overflow_hidden_temple,
          nicolae_elyvilon_temple_path, okawaru_gym_becter, serial_shops,
          nicolae_shop_trees
D:8:      layout_rooms, nicolae_wu_jian_glorious_leap,
          due_lair_maze_entry_diamond, serial_shops, shop, uniq_grum

Skill      XL: |  1  2  3  4  5  6  7  8  9 |
---------------+----------------------------+-----
Axes           | 3 4 5 6 7 |  7.5
Invocations    | 5 7 8 |  8.1
Fighting       | 4 5 |  5.9
Armour         | 4 5 |  5.2
Dodging        | |  0.8

Action                   |  1- 3 |  4- 6 |  7- 9 || total
-------------------------+-------+-------+-------++-------
Melee: Hand axe          |    64 |    44 |       ||   108
       Great sword       |       |    89 |    78 ||   167
Throw: Dart              |    14 |    14 |     6 ||    34
       Boomerang         |       |       |     5 ||     5
Invok: Depart the Abyss  |     1 |       |       ||     1
 Abil: Dig               |     1 |       |     2 ||     3
  Use: Scroll            |     1 |     7 |     4 ||    12
       Potion            |       |       |     5 ||     5
Armor: Leather armour    |     8 |       |       ||     8
       Scale mail        |    17 |    85 |    55 ||   157
       Pearl dragon scal |       |       |    17 ||    17
Dodge: Dodged            |    40 |    75 |    60 ||   175
